 Dungeon Crawl Stone Soup version 0.29.1-1-gd02db6906a (webtiles) character file.

Game seed: 3906328563794791256

18014 Labrat the Thaumaturge (level 11, -2/94 HPs)
             Began as a Demigod Conjurer on Sept 18, 2022.
             Slain by an elephant (16 damage)
             ... on level 2 of the Lair of Beasts.
             The game lasted 00:55:42 (19904 turns).

Labrat the Thaumaturge (Demigod Conjurer)          Turns: 19904, Time: 00:55:42

Health: -2/94      AC:  7    Str:  8      XL:     11   Next: 98%
Magic:  4/30       EV: 12    Int: 30 (32) God:
Gold:   712        SH:  5    Dex: 12      Spells: 24/31 levels left

rFire   . . .      SeeInvis +   T - +6 double sword of Valiance {venom, rElec rPois rCorr Stlth+}
rCold   . . .      Faith    .   m - orb {*channel}
rNeg    . . .      Spirit   .   a - +0 steam dragon scales
rPois   +          Reflect  +   D - +0 helmet
rElec   +          Harm     .   t - scarf {+Inv}
rCorr   +          Rampage  .   (no gloves)
Will    ++...                   n - +0 pair of boots
Stlth   +++.......              G - amulet of reflection
HPRegen 0.25/turn               y - ring of willpower
MPRegen 0.22/turn               L - ring of see invisible

@: no status effects
A: high MP 1, forlorn, divine attributes
a: Evoke Invisibility


You were on level 2 of the Lair of Beasts.
You visited 3 branches of the dungeon, and saw 15 of its levels.
You also visited: Ossuary.

You collected 712 gold pieces.

Inventory:

Hand Weapons
 T - the +6 double sword of Valiance (weapon) {venom, rElec rPois rCorr Stlth+}
   (You found it on level 1 of the Lair of Beasts)

   It poisons the flesh of those it strikes.
   rElec:     It insulates you from electricity.
   rPois:     It protects you from poison.
   rCorr:     It protects you from acid and corrosion.
   Stlth:     It makes you more stealthy.
Missiles
 e - 47 poisoned darts
 I - 2 curare-tipped darts
 R - a throwing net
Armour
 a - +0 steam dragon scales (worn)
 m - an orb of energy (worn)
 n - a +0 pair of boots (worn)
 t - a scarf of invisibility (worn)
 D - a +0 helmet (worn)
 Q - a +2 robe of cold resistance
Jewellery
 y - a ring of willpower (left hand)
 G - an amulet of reflection (around neck)
 L - a ring of see invisible (right hand)
Wands
 f - a wand of light (10)
 i - a wand of flame (29)
 o - a wand of polymorph (5)
 H - a wand of charming (8)
 K - a wand of roots (10)
 P - a wand of digging (2)
Scrolls
 p - a scroll of amnesia
 q - a scroll of fear
 r - 2 scrolls of poison
 s - 3 scrolls of vulnerability
 u - 3 scrolls of enchant armour
 v - 2 scrolls of fog
 x - 10 scrolls of teleportation
 B - 3 scrolls of enchant weapon
 E - 5 scrolls of blinking
 J - a scroll of brand weapon {unknown}
 M - 2 scrolls of immolation {unknown}
 O - 3 scrolls of noise {unknown}
 S - a scroll of magic mapping {unknown}
 U - a scroll of summoning {unknown}
Potions
 b - 3 potions of magic
 c - 3 potions of curing
 d - 2 potions of haste
 g - 2 potions of might {unknown}
 h - 3 potions of attraction
 j - 2 potions of lignification {unknown}
 l - 3 potions of ambrosia {unknown}
 w - a potion of flight {unknown}
 z - 4 potions of degeneration {unknown}
 A - 7 potions of mutation {unknown}
 C - 2 potions of resistance
 F - 2 potions of heal wounds
 N - 2 potions of brilliance {unknown}


   Skills:
 - Level 8.0 Fighting
 - Level 1.7 Dodging
 - Level 1.7 Stealth
 + Level 10.6 Spellcasting
 + Level 10.5 Conjurations
 - Level 8.0 Evocations


You had 24 spell levels left.
You knew the following spells:

 Your Spells              Type           Power      Damage    Failure   Level
a - Magic Dart            Conj           100%       1d8       1%          1
b - Searing Ray           Conj           100%       2d8       1%          2
c - Iskenderun's Mystic   Conj/Tloc      47%        2d10      3%          4

Your spell library contained the following spells:

 Spells                   Type           Power      Damage    Failure   Level
 Static Discharge         Conj/Air       47%        3-9/arc   1%          2
 Dazzling Flash           Conj/Hex       94%        N/A       1%          3
 Fulminant Prism          Conj/Hex       23%        3d13      3%          4
 Sticky Flame             Conj/Fire      47%        2d6       3%          4
 Ensorcelled Hibernation  Hex/Ice        30%        N/A       4%          2
 Passwall                 Tmut/Erth      12%        N/A       4%          2
 Call Canine Familiar     Summ           15%        N/A       10%         3
 Inner Flame              Hex/Fire       15%        N/A       10%         3
 Portal Projectile        Hex/Tloc       30%        N/A       10%         3
 Spider Form              Tmut/Pois      15%        N/A       10%         3
 Swiftness                Air            15%        N/A       10%         3
 Anguish                  Hex/Necr       7%         N/A       32%         4
 Cause Fear               Hex            7%         N/A       32%         4
 Dispel Undead            Necr           15%        3d10      32%         4
 Leda's Liquefaction      Hex/Erth       7%         N/A       32%         4
 Summon Forest            Summ/Tloc      7%         N/A       67%         5
 Summon Mana Viper        Hex/Summ       15%        N/A       67%         5
 Dispersal                Tloc           7%         N/A       99%         6
 Summon Cactus Giant      Summ           7%         N/A       99%         6
 Discord                  Hex            7%         N/A       100%        8
 Disjunction              Tloc           7%         N/A       100%        8


Dungeon Overview and Level Annotations

Branches:
Dungeon (12/15)            Temple (1/1) D:6            Lair (2/5) D:10
    Orc (0/2) D:9         Ossuary (visited)
  Swamp: Lair:2-3    Shoals: Lair:2-3     Snake: Lair:2-3    Spider: Lair:2-3

Shops:
D:2 :

Annotations:
D:6 3 runed translucent doors, Doomgape's ghost, novice MfTm
D:11 exclusion: boulder beetle
Lair:1 2 transporters


Innate Abilities, Weirdness & Mutations

You have an increased reservoir of magic. (+10% MP)
You shall have no god before yourself.
Your divine heritage dramatically boosts your attributes as you level up.


Message History

You don't have enough magic to cast this spell.
Casting: Iskenderun's Mystic Blast (dangerous; 4% risk of failure)
Confirm with . or Enter, or press ? or * to list all spells.
You don't know that spell.
Unknown command.
Unknown command.
You slash the elephant!
The elephant is moderately wounded.
The elephant barely misses you.
The elephant trunk-slaps you but does no damage.
The elephant looks even sicker.
The elephant tramples you.
You hold your ground!
You block the elephant's attack.
You slash the elephant!
The elephant looks as sick as possible!
The elephant is almost dead.
You kill the elephant!
The elephant is engulfed in poison gas.
The elephant looks as sick as possible!
The elephant tramples you!
You hold your ground!
You block the elephant's attack.
An elephant comes into view.
The elephant is engulfed in poison gas.
The elephant is poisoned.
The elephant is engulfed in poison gas.
The elephant looks as sick as possible!
The elephant closely misses you. The elephant trunk-slaps you.
The elephant moves out of view.
You feel your intelligence returning.
You hit the elephant.
The elephant is severely wounded.
The elephant is engulfed in poison gas.
The elephant looks as sick as possible!
The elephant tramples you!
You hold your ground!
The elephant trunk-slaps you.
* * * LOW HITPOINT WARNING * * *
Unknown command.
You barely miss the elephant.
The elephant is severely wounded.
The elephant is engulfed in poison gas.
The elephant looks as sick as possible!
The elephant tramples you!
* * * LOW HITPOINT WARNING * * *
You hold your ground!
The elephant trunk-slaps you but does no damage.
The elephant is engulfed in poison gas.
The elephant looks as sick as possible!
The elephant tramples you!
You die...

### #§#
#○### ##
#@Y☼##.#
##†○§○#
##§☼§####
##.§○§P##.
#§§☼§○...
#Y.#Y§☼...
.YY..###...
#....### #.
##...


You could see 2 elephants.

Vanquished Creatures
  3 hydras
  A two-headed ogre (D:10)
  Pikel (D:7)
  A cyclops (D:12)
  2 manticores
  An elephant (Lair:2)
  2 black mambas (Lair:1)
  2 cane toads (Lair:1)
  A komodo dragon (Lair:1)
  4 blink frogs (Lair:1)
  4 hornets
  A wyvern (D:11)
  2 shadows
  Eustachio (D:6)
  2 basilisks (Lair:1)
  14 yaks
  2 wraiths
  2 steam dragons (D:9)
  7 vampire mosquitoes (D:10)
  An acid dragon (D:9)
  2 water moccasins (Lair:1)
  A black bear (D:6)
  An ice beast (D:5)
  6 orc warriors
  5 ogres
  6 centaurs
  5 phantoms
  4 kobold brigands
  3 gnoll sergeants
  3 bullfrogs (Lair:1)
  4 necrophages
  17 scorpions
  7 wights
  12 killer bees
  2 howler monkeys (D:9)
  An electric eel (D:9)
  3 centaur zombies (Ossuary)
  6 hounds
  4 orc priests
  A jelly (D:6)
  2 human zombies (Ossuary)
  6 iguanas
  2 scorpion zombies (Ossuary)
  4 orc wizards
  4 mummies
  12 gnolls
  8 adders
  2 shadow imps (D:6)
  5 white imps
  6 worms
  3 dart slugs
  33 orcs
  11 ball pythons
  9 bats
  10 endoplasms
  10 giant cockroaches
  4 gnoll zombies (Ossuary)
  6 goblins
  11 hobgoblins
  7 jackals (D:1)
  4 quokkas
  3 frilled lizards
  2 goblin zombies (Ossuary)
  23 kobolds
  4 kobold zombies
  3 orc zombies
  12 rats
353 creatures vanquished.

Vanquished Creatures (others)
  5 dream sheep (D:6)
  2 bushes (D:8)
  2 fungi
  4 plants
13 creatures vanquished.

Grand Total: 366 creatures vanquished

Notes
Turn   | Place    | Note
-------+----------+-------------------------------------------
     0 | D:1      | Labrat the Demigod Conjurer began the quest for the Orb.
     0 | D:1      | Reached XP level 1. HP: 14/14 MP: 5/5
   271 | D:1      | Reached XP level 2. HP: 20/20 MP: 0/7
   275 | D:1      | Learned a level 2 spell: Searing Ray
  1174 | D:1      | Reached XP level 3. HP: 26/26 MP: 7/9
  1938 | D:2      | Found Istra Esa's Book Boutique.
  2246 | D:2      | Identified the +5 dagger of Cavugg {freeze, Dex+3}
  2287 | D:2      | Reached XP level 4. HP: 33/33 MP: 8/11
  4030 | D:4      | Found a sand-covered staircase.
  4109 | Ossuary  | Entered an ossuary
  4139 | Ossuary  | Reached skill level 5 in Conjurations
  4139 | Ossuary  | Reached XP level 5. HP: 38/38 MP: 5/13
  4323 | Ossuary  | Reached XP level 6. HP: 34/45 MP: 10/15
  4648 | Ossuary  | Reached XP level 7. HP: 16/50 MP: 5/17
  4649 | Ossuary  | Reached skill level 5 in Spellcasting
  5843 | D:4      | Reached XP level 8. HP: 57/57 MP: 17/20
  6161 | D:4      | Learned a level 4 spell: Iskenderun's Mystic Blast
  6197 | D:5      | Entered Level 5 of the Dungeon
  7408 | D:5      | Reached skill level 1 in Fighting
  7570 | D:5      | Reached XP level 9. HP: 63/68 MP: 17/25
  7943 | D:6      | Noticed Eustachio
  7966 | D:6      | Killed Eustachio
  8175 | D:6      | Reached skill level 5 in Fighting
  8883 | D:6      | Found a staircase to the Ecumenical Temple.
  9257 | D:6      | Noticed Doomgape's ghost (novice MfTm)
  9259 | D:6      | Found a runed translucent gate.
  9259 | D:6      | Found a runed translucent gate.
  9259 | D:6      | Found a runed translucent gate.
  9284 | D:6      | Noticed a spectral unseen horror
  9584 | D:6      | Identified the +6 ring mail of the Vaults {rElec Dex-3
                  | SInv}
 10119 | D:7      | Noticed Pikel
 10154 | Temple   | Entered the Ecumenical Temple
 10154 | Temple   | Found a transporter.
 10154 | Temple   | Found a transporter.
 10156 | Temple   | Found a transporter.
 10156 | Temple   | Found a transporter.
 10920 | D:7      | Killed Pikel
 11040 | D:7      | Reached skill level 1 in Evocations
 11329 | D:8      | Reached XP level 10. HP: 88/88 MP: 9/26
 12165 | D:8      | Noticed a manticore
 12175 | D:8      | Killed a manticore
 12995 | D:9      | Reached skill level 5 in Evocations
 14154 | D:9      | Found a staircase to the Orcish Mines.
 14477 | D:10     | Entered Level 10 of the Dungeon
 14974 | D:10     | Noticed a two-headed ogre
 14987 | D:10     | Killed a two-headed ogre
 15303 | D:10     | Found a staircase to the Lair.
 15558 | D:11     | Reached XP level 11. HP: 76/94 MP: 11/27
 15688 | D:11     | Noticed an eight-headed hydra
 15730 | D:11     | Killed an eight-headed hydra
 16001 | D:11     | Noticed a six-headed hydra
 16025 | D:11     | Killed a six-headed hydra
 16708 | D:11     | Noticed a boulder beetle
 18173 | Lair:1   | Entered Level 1 of the Lair of Beasts
 18298 | Lair:1   | Reached skill level 10 in Spellcasting
 18327 | Lair:1   | Noticed a seven-headed hydra
 18332 | Lair:1   | Killed a seven-headed hydra
 18333 | Lair:1   | Reached skill level 10 in Conjurations
 18711 | Lair:1   | Found a transporter.
 19293 | Lair:1   | Identified the +6 double sword of Valiance {venom, rElec
                  | rPois rCorr Stlth+}
 19718 | Lair:1   | Found a transporter.
 19904 | Lair:2   | Slain by an elephant

Illustrated notes

Levels and vault maps discovered:
D:1:      eino_arrival_cavern_d, layout_loops_corners, fountainhead,
          minmay_misc_feat_nine_boxes, minmay_misc_feat_tower
D:2:      layout_rooms, serial_shops, shop_fountains, minmay_increasing_density
D:3:      mumra_celtic_spiral_tile, layout_rooms, minivault_26,
          minmay_fractal_squares_5
D:4:      layout_cave_pools, nicolae_ossuary_entry_giza
D:5:      minmay_spotlight, layout_cave_pools, serial_park, serial_park_square1
          [serial_park_minivault_5x5_3], serial_park_tiny_pond,
          serial_park_square2, serial_park_tiny_1, serial_park_square3
          [serial_park_minivault_5x5_3], ebering_dispersal_statue_hall
D:6:      layout_basic, kb_xom_exploding_sheep,
          minmay_temple_entry_statues_pillars, gammafunk_ghost_necromancy,
          minmay_misc_feat_doors, uniq_eustachio
D:7:      layout_rooms, uniq_pikel
D:8:      layout_loops_ring, elyvilon_altar_5, minmay_hedge_maze,
          minmay_small_thing
D:9:      layout_basic, kennysheep_small_square
D:10:     layout_cross, nicolae_dithmenos_through_a_glass_darkly,
          lair_entry_dummy
D:11:     layout_stronghold, chequers_serial_rivers_micro_b
D:12:     layout_basic, special_room [special_room_bee]
Temple:   hellmonk_temple_divided_pantheon
Lair:1:   gammafunk_cloud_chamber, layout_cave_pods, grunt_megastairs_4
Lair:2:   layout_layer_cave, uniq_erica

Skill      XL: |  1  2  3  4  5  6  7  8  9 10 11 |
---------------+----------------------------------+-----
Spellcasting   | 2 3 4 6 8 10 | 10.6
Conjurations   | 4 5 6 7 8 10 | 10.5
Fighting       | 2 8 |  8.0
Evocations     | 1 8 |  8.0
Dodging        | |  1.7
Stealth        | |  1.7

Action                   |  1- 3 |  4- 6 |  7- 9 | 10-12 || total
-------------------------+-------+-------+-------+-------++-------
Melee: Unarmed           |    26 |       |       |       ||    26
       Dagger            |       |    13 |    77 |    56 ||   146
       Punch             |       |       |     1 |     1 ||     2
       Double sword      |       |       |       |     9 ||     9
Throw: Dart              |       |       |     8 |     8 ||    16
 Cast: Magic Dart        |    82 |    64 |   200 |   125 ||   471
       Searing Ray       |     8 |    17 |    72 |    67 ||   164
       Iskenderun's Myst |       |       |    15 |   110 ||   125
 Abil: Evoke Invisibilit |       |       |       |     1 ||     1
Evoke: Wand              |       |       |       |    16 ||    16
  Use: Potion            |       |       |     1 |     4 ||     5
       Scroll            |       |       |    10 |     5 ||    15
 Stab: Sleeping          |       |     3 |       |       ||     3
       Fleeing           |       |       |       |     1 ||     1
Armor: Robe              |     8 |     4 |    44 |     9 ||    65
       Steam dragon scal |       |       |       |    32 ||    32
Dodge: Dodged            |    29 |    22 |   107 |   104 ||   262
Block: Other             |       |       |       |    14 ||    14
       Reflection        |       |       |       |     3 ||     3
       Orb               |       |       |       |    22 ||    22
